 Dungeon Crawl Stone Soup version 0.17-a0-1769-g54adf96 (webtiles) character file.

447 kae the Carver (level 6, 0/39 HPs)
             Began as a High Elf Skald on Sept 7, 2015.
             Was an Initiate of Okawaru.
             Killed from afar by a white imp (10 damage)
             ... with a puff of frost
             ... on level 5 of the Dungeon.
             The game lasted 00:10:32 (8594 turns).

kae the Carver (High Elf Skald)                     Turns: 8594, Time: 00:10:33

Health: 0/39       AC:  3    Str: 13    XL:     6   Next: 73%
Magic:  10/10      EV: 10    Int: 15    God:    Okawaru [......]
Gold:   203        SH:  5    Dex: 16    Spells: 2 memorised, 6 levels left

rFire  + . .     SeeInvis .     a - +1 falchion
rCold  x . .     Clarity  .     b - +0 leather armour
rNeg   . . .     SustAt   .     v - +2 buckler
rPois  .         Gourm    .     (no helmet)
rElec  .         Spirit   .     (no cloak)
rCorr  .         Warding  .     (no gloves)
rMut   .         Stasis   .     (no boots)
MR     .....                    (no amulet)
Stlth  +.........               (no ring)
                                r - ring of fire

@: about to teleport, not resistant to hostile enchantments, very unstealthy
A: no striking features
a: Renounce Religion


You were on level 5 of the Dungeon.
You worshipped Okawaru.
Okawaru was noncommittal.
You were near starving.

You visited 2 branches of the dungeon, and saw 6 of its levels.

You collected 203 gold pieces.

Inventory:

Hand weapons
 a - a +1 falchion (weapon)
 j - a +0 long sword
Armour
 b - a +0 leather armour (worn)
 v - a +2 buckler (worn)
Jewellery
 n - an uncursed ring of sustain attributes {unknown}
 r - a ring of fire (left hand)
Magical devices
 w - a wand of frost (37)
Scrolls
 e - a scroll of enchant weapon
 f - a scroll of fear
 h - a scroll of noise {unknown}
 k - a scroll of amnesia
 m - a scroll of teleportation
 p - a scroll of remove curse
Potions
 i - 2 potions of agility
 o - 2 potions of brilliance
 q - a potion of cancellation
 s - a potion of curing
Books
 c - a book of Battle

   Spells                             Type                      Level
   a - Infusion                       Charms                       1
   b - Shroud of Golubria             Charms/Translocation         2
   c - Song of Slaying                Charms                       2
   d - Spectral Weapon                Hexes/Charms                 3
   e - Regeneration                   Charms/Necromancy            3
Comestibles
 d - 3 bread rations
 g - 2 fruits
 l - 5 meat rations


   Skills:
 - Level 2.0 Fighting
 + Level 8.8 Long Blades
 - Level 0.8 Armour
 - Level 1.1 Dodging
 - Level 2.4 Spellcasting
 - Level 3.7 Charms


You had 6 spell levels left.
You knew the following spells:

 Your Spells              Type           Power        Failure   Level  Hunger
a - Infusion              Chrm           ##....       12%         1    #......
b - Shroud of Golubria    Chrm/Tloc      #.........   38%         2    ###....


Dungeon Overview and Level Annotations

Branches:
Dungeon (5/15)             Temple (1/1) D:5

Altars:
Dithmenos
Elyvilon
Fedhas
Gozag
Kikubaaqudgha
Makhleb
Nemelex Xobeh
Okawaru
Qazlal
Ru
Trog
Vehumet
Xom
Yredelemnul
Zin
The Shining One


Message History

The white imp is moderately wounded.
The white imp gestures at you. The puff of frost hits you!
You feel a terrible chill!
* * * LOW HITPOINT WARNING * * *
Drink which item? (? for menu, Esc to quit)
You feel better. The white imp barely misses you.
Read which item? (? for menu, Esc to quit)
As you read the scroll of fear, it crumbles to dust.
You assume a fearsome visage.
The hobgoblin zombie is unaffected.
The hobgoblin zombie is unaffected.
The white imp is unaffected.
The hobgoblin zombie is unaffected.
The white imp gestures at you. The puff of frost hits you!
You feel a terrible chill!
* * * LOW HITPOINT WARNING * * *
Read which item? (? for menu, Esc to quit)
As you read the scroll of teleportation, it crumbles to dust.
You feel strangely unstable. The white imp gestures at you.
The puff of frost hits you!
You feel a terrible chill!
You die...

....#########
...$........#
............##
............####
..............# #
#...........###### .##'##
#................#
#Z....##..........(......
#......#@.#####...#####..
'.._.ZZ5..# ##..# ###.
#.....!#.....# #..# #...
#.....##.....# ##.####.#.
..#.## #.....# #........
# # #..#### #..###...
...# ##.# #... ...#
#.###... .## #..##...


You could see a white imp and 2 hobgoblin zombies.

Vanquished Creatures
  A phantom (D:4)
  A crimson imp (D:5)
  An orc wizard (D:4)
  Ijyb (D:3)
  A worker ant (D:5)
  Robin (D:3)
  8 adders
  A gnoll (D:3)
  6 worms
  3 giant geckos
  9 orcs
  25 goblins
  12 hobgoblins
  7 jackals
  6 kobolds
  A quokka (D:4)
  5 bats
  7 giant cockroaches
  A giant gecko skeleton (D:4)
  7 giant newts
  2 goblin skeletons (D:5)
  11 rats
117 creatures vanquished.

Notes
Turn   | Place    | Note
--------------------------------------------------------------
     0 | D:1      | kae the High Elf Skald began the quest for the Orb.
     0 | D:1      | Reached XP level 1. HP: 14/14 MP: 4/4
   229 | D:1      | Reached XP level 2. HP: 16/19 MP: 6/6
   617 | D:2      | Reached skill level 4 in Long Blades
   893 | D:2      | Reached XP level 3. HP: 22/24 MP: 7/7
  1606 | D:2      | Reached skill level 5 in Long Blades
  1641 | D:2      | Found a faded altar to an unknown god.
  1730 | D:2      | Reached XP level 4. HP: 29/29 MP: 8/8
  2156 | D:3      | HP: 1/29 [goblin/stone (1)]
  3197 | D:3      | Noticed Ijyb
  3207 | D:3      | Killed Ijyb
  3207 | D:3      | Reached skill level 6 in Long Blades
  3207 | D:3      | Reached XP level 5. HP: 17/34 MP: 2/9
  3579 | D:3      | Noticed Robin
  3691 | D:3      | Killed Robin
  4299 | D:3      | Reached skill level 7 in Long Blades
  5448 | D:4      | Found a white marble altar of Elyvilon.
  5578 | D:4      | Found a radiant altar of Vehumet.
  5720 | D:4      | Noticed a phantom
  6791 | D:4      | HP: 1/34 [phantom (4)]
  7106 | D:4      | HP: 1/34 [phantom (3)]
  7427 | D:3      | Learned a level 2 spell: Shroud of Golubria
  7476 | D:4      | Killed a phantom
  7476 | D:4      | Reached skill level 8 in Long Blades
  7476 | D:4      | Reached XP level 6. HP: 21/39 MP: 1/10
  8060 | D:4      | Found a glowing silver altar of Zin.
  8060 | D:4      | Found an opulent altar of Gozag.
  8140 | D:5      | Entered Level 5 of the Dungeon
  8318 | D:5      | Found a staircase to the Ecumenical Temple.
  8326 | Temple   | Entered the Ecumenical Temple
  8429 | Temple   | Became a worshipper of Warmaster Okawaru
  8585 | D:5      | Found a glowing golden altar of the Shining One.
  8594 | D:5      | Killed from afar by a white imp

Vault maps used:
D:1:      scummos_arrival_simple_fountains
D:2:      ecumenical_altar_2, first_bread
D:3:      kennysheep_goblin_castle, minmay_goblin_outpost, uniq_iyjb
D:4:      grunt_temple_overflow_gold_and_silver, overflow_temple_1_default,
          vehumet_altar_wand_db
D:5:      nicolae_tso_besieged_by_evil, temple_statues,
          nicolae_dithmenos_shadow_blocks
Temple:   circular_temple_12

Action                   |  1- 3 |  4- 6 || total
-------------------------+-------+-------++-------
Melee: Falchion          |    98 |   419 ||   517
 Cast: Infusion          |     5 |    23 ||    28
       Shroud of Golubri |       |     2 ||     2
  Use: Scroll            |       |    13 ||    13
       Potion            |       |     2 ||     2
  Eat: Chunk             |     2 |    17 ||    19
       Beef jerky        |       |     3 ||     3
